 Dungeon Crawl Stone Soup version 0.29-a0-330-g52719c12eb (webtiles) character file.

Game seed: 12073459910541887594

273 kae the Firebug (level 5, -1/41 HPs)
             Began as a Demigod Fire Elementalist on May 7, 2022.
             Slain by a steam dragon (4 damage)
             ... on level 5 of the Dungeon.
             The game lasted 00:02:48 (4648 turns).

kae the Firebug (Demigod Fire Elementalist)         Turns: 4648, Time: 00:02:49

Health: -1/41      AC:  3    Str:  9    XL:     5   Next: 72%
Magic:  1/11       EV: 12    Int: 21    God:
Gold:   193        SH:  0    Dex: 14    Spells: 3/9 levels left

rFire   . . .      SeeInvis .   b - +1 dagger (venom)
rCold   . . .      Faith    .   (no shield)
rNeg    . . .      Spirit   .   a - +0 robe
rPois   .          Reflect  .   (no helmet)
rElec   .          Harm     .   e - +0 cloak
rCorr   .          Rampage  .   (no gloves)
Will    .....                   (no boots)
Stlth   ++........              h - amulet of regeneration
HPRegen 0.93/turn               (no ring)
MPRegen 0.12/turn               (no ring)

@: no status effects
A: high MP 1, forlorn, divine attributes
a: no special abilities


You were on level 5 of the Dungeon.
You visited 1 branch of the dungeon, and saw 5 of its levels.

You collected 193 gold pieces.

Inventory:

Hand Weapons
 b - a +1 dagger of venom (weapon)
Missiles
 n - a throwing net
Armour
 a - a +0 robe (worn)
 e - a +0 cloak (worn)
Jewellery
 h - an amulet of regeneration (around neck)
Wands
 c - a wand of paralysis (7)
Potions
 d - 3 potions of curing
 f - a potion of lignification
 g - 2 potions of haste
 i - a potion of berserk rage
 j - 2 potions of mutation
 k - 2 potions of ambrosia
 l - a potion of attraction {unknown}


   Skills:
 + Level 1.8 Fighting
 + Level 2.8 Dodging
 - Level 1.7 Stealth
 + Level 2.6 Spellcasting
 + Level 2.2 Conjurations
 * Level 4.2 Fire Magic


You had 3 spell levels left.
You knew the following spells:

 Your Spells              Type           Power      Damage    Failure   Level
a - Foxfire               Conj/Fire      64%        2x1d7     3%          1
b - Scorch                Fire           40%        2d7       3%          2
c - Conjure Flame         Conj/Fire      16%        6-21      11%         3

Your spell library contained the following spells:

 Spells                   Type           Power      Damage    Failure   Level
 Beastly Appendage        Tmut           4%         N/A       14%         1
 Inner Flame              Hex/Fire       11%        N/A       17%         3
 Wereblood                Tmut           2%         N/A       21%         2
 Spider Form              Tmut/Pois      2%         N/A       38%         3
 Flame Wave               Conj/Fire      16%        2d6       36%         4


Dungeon Overview and Level Annotations

Branches:
Dungeon (5/15)
 Temple: D:4-7

Annotations:
D:2 Grinder


Innate Abilities, Weirdness & Mutations

You have an increased reservoir of magic. (+10% MP)
You shall have no god before yourself.
Your divine heritage dramatically boosts your attributes as you level up.


Message History

Casting: Foxfire (safe; 3% risk of failure)
Confirm with . or Enter, or press ? or * to list all spells.
You conjure some foxfire!
The foxfire hits the steam dragon.
The steam dragon is moderately wounded.
The foxfire hits the steam dragon.
The steam dragon is moderately wounded.
The steam dragon misses you. x2
A steam dragon is nearby!
Casting: Foxfire (safe; 3% risk of failure)
Confirm with . or Enter, or press ? or * to list all spells.
Flames lash the steam dragon.
The steam dragon is heavily wounded.
The steam dragon's fire resistance burns away.
The steam dragon misses you. The steam dragon barely misses you.
The steam dragon breathes steam at you. The ball of steam hits you!
Casting: Scorch (safe; 3% risk of failure)
Confirm with . or Enter, or press ? or * to list all spells.
Flames lash the steam dragon.
The steam dragon is burned terribly!
The steam dragon is severely wounded.
The steam dragon bites you! The steam dragon misses you.
A jelly comes into view.
The steam dragon breathes steam at you. The ball of steam hits you!
* * * LOW HITPOINT WARNING * * *
You hear a bark!
Casting: Scorch (safe; 3% risk of failure)
Confirm with . or Enter, or press ? or * to list all spells.
Flames lash the jelly.
The jelly is severely wounded.
The jelly's fire resistance burns away.
You are engulfed in a cloud of scalding steam.
* * * LOW HITPOINT WARNING * * *
The steam dragon barely misses you. The steam dragon claws you.
* * * LOW HITPOINT WARNING * * *
The jelly hits you but does no damage.
You are engulfed in a cloud of scalding steam.
The steam dragon bites you.
You die...

.# .# ...
##.# ....
.$. #...
#.. ..#
#.# ..###
##D##....
#§@#§.#
#§#J.#
#.#.##
#.#.#
#.#.#
#.#.#
#.[.#
#..## #


You could see a steam dragon (catching breath, combustible) and a jelly
(combustible).

Vanquished Creatures
  A scorpion (D:4)
  A hound (D:4)
  An iguana (D:4)
  Jessica (D:4)
  4 adders
  A white imp (D:5)
  An ufetubus (D:4)
  A worm (D:4)
  An orc (D:3)
  8 ball pythons
  10 bats
  6 endoplasms
  8 goblins
  2 hobgoblins (D:4)
  5 jackals
  7 kobolds
  5 quokkas
  3 frilled lizards
  27 rats
93 creatures vanquished.

Vanquished Creatures (others)
  233 foxfires
233 creatures vanquished.

Grand Total: 326 creatures vanquished

Notes
Turn   | Place    | Note
-------+----------+-------------------------------------------
     0 | D:1      | kae the Demigod Fire Elementalist began the quest for the
                  | Orb.
     0 | D:1      | Reached XP level 1. HP: 14/14 MP: 5/5
    59 | D:1      | Reached skill level 1 in Conjurations
   370 | D:1      | Reached XP level 2. HP: 20/20 MP: 4/7
   442 | D:1      | Reached skill level 3 in Fire Magic
  1144 | D:2      | Learned a level 2 spell: Scorch
  2137 | D:2      | Reached XP level 3. HP: 27/27 MP: 5/8
  2819 | D:3      | Reached skill level 1 in Fighting
  2824 | D:3      | Learned a level 3 spell: Conjure Flame
  3134 | D:3      | Noticed Grinder
  3136 | D:3      | Paralysed by Grinder for 4 turns
  3223 | D:3      | Paralysed by Grinder for 2 turns
  3338 | D:3      | Noticed Jessica
  3422 | D:3      | Paralysed by Grinder for 6 turns
  3752 | D:4      | Reached XP level 4. HP: 23/35 MP: 4/10
  3927 | D:4      | Reached XP level 5. HP: 24/40 MP: 1/11
  4198 | D:4      | Killed Jessica
  4199 | D:4      | Reached skill level 4 in Fire Magic
  4629 | D:5      | Entered Level 5 of the Dungeon
  4635 | D:5      | Noticed a steam dragon
  4647 | D:5      | HP: 2/41 [steam dragon (3)]
  4648 | D:5      | Slain by a steam dragon

Illustrated notes

Levels and vault maps discovered:
D:1:      psy_arrival_radial02, layout_basic,
          shapermc_ecumenical_altar_starsandcircs
D:2:      layout_loops_corners, chequers_jeans
D:3:      layout_loops_ring, xom_redecorated, uniq_grinder, uniq_jessica
D:4:      layout_cave_pools, hangedman_decor_slide_cut, minmay_rat_hole
D:5:      layout_rooms, minmay_temple_entry_large_hall, uniq_duvessa,
          uniq_menkaure, uniq_sigmund, uniq_prince_ribbit1

Skill      XL: |  1  2  3  4  5 |
---------------+----------------+-----
Conjurations   | 1 2 |  2.2
Dodging        | 2 |  2.8
Fire Magic     | 3 4 |  4.2
Spellcasting   | 2 |  2.6
Fighting       | 1 |  1.8
Stealth        | |  1.7

Action                   |  1- 3 |  4- 6 || total
-------------------------+-------+-------++-------
Melee: Unarmed           |     3 |       ||     3
       Dagger            |    35 |    34 ||    69
       Punch             |     1 |       ||     1
 Cast: Foxfire           |    97 |    41 ||   138
       Scorch            |    10 |     8 ||    18
       Conjure Flame     |     1 |     1 ||     2
  Use: Potion            |     1 |       ||     1
       Scroll            |    10 |     2 ||    12
 Stab: Sleeping          |     3 |       ||     3
Armor: Robe              |    28 |    12 ||    40
Dodge: Dodged            |    43 |    34 ||    77

Table legend: (Time is in decaauts)
 A = Elapsed time spent in this place.
 B = Non-inter-level travel time spent in this place.
 C = Inter-level travel time spent in this place.
 D = Time resting spent in this place.
 E = Time spent auto-exploring this place.
 F = Levels seen in this place.
 G = Mean time per level.
                   A        B        C        D        E       F      G
               +--------+--------+--------+--------+--------+-----+--------+
         Total |   4652 |   4489 |    163 |     94 |   3696 |   5 |  930.4 |
       Dungeon |   4652 |   4489 |    163 |     94 |   3696 |   5 |  930.4 |
               +--------+--------+--------+--------+--------+-----+--------+

Top non-repeatable levels by time:
     D:2: 1728 daAuts
     D:1: 1124 daAuts
     D:4: 928 daAuts
     D:3: 852 daAuts
     D:5: 18 daAuts
